[Event "Late-Titled-Tuesday-Blitz-January-23-2024"]
[Site "Chess.com"]
[Date "2024.01.23"]
[Round "10"]
[White "cristiano78"]
[Black "Atousa"]
[Result "1/2-1/2"]
[WhiteElo "2243"]
[BlackElo "2456"]
[TimeControl "180+1"]
[EndTime "15:54:54 PST"]
[Termination "Game drawn by repetition"]

1. d4 Nf6 2. c4 e6 3. Nf3 d5 4.
Nc3 Be7 5. Bg5 O-O 6. e3 Nbd7 7. c5 c6 8. Be2 Ne4 9. Bxe7 Qxe7 10. Rc1 Nxc3 11. Rxc3 e5 12. O-O e4 13. Nd2 Nf6 14. b4 a6 15. a4 h5 16. Bxh5 g6 17. Be2 Kg7 18. f4 exf3 19. Bxf3 Rh8 20. Qe1 Qc7 21. Qg3 Qxg3 22. hxg3 Bf5 23. Ra1 Rhe8 24. Kf2 g5 25. Rca3 Bd7 26. Be2 Ng8 27. b5 axb5 28. axb5 Rxa3 29. Rxa3 cxb5 30. Rb3 Ne7 31. Bxb5 Bc6 32.
Be2 Nf5 33. Nf3 f6 34. g4 Ne7 35. Bd3 Ra8 36. Rb1 Ra2+ 37. Kg3 Ra3 38. Bc2 Rxe3 39. Rh1 Ng6 40. Bf5 Rb3 41. Ra1 Bb5 42. Ra7 Be2 43. c6 Ne7 44. cxb7 Kf7 45. Bc8 Bf1 46.
Kh2 Rb2 47. Ne1 Be2 48. Ra8 Nc6 49. Bd7 Rxb7 50. Bxc6 Rb1 51. Bxd5+ Ke7 52. Bf3 Rxe1 53. Bxe2 Rxe2 54. Ra7+ Kd6 55. Ra3 Kd5 56. Rf3 Re6 57. Rf5+ Kxd4 58. Rf3 Ke4 59. Kg3 Rc6 60. Kf2 Rc2+ 61.
Kg3 Rc6 62. Kf2 Ke5 63. Kg3 Ke6 64. Re3+ Kf7 65. Kf3 Kg6 66. g3 Rc4 67. Rd3 Rc1 68. Re3 Rf1+ 69. Kg2 Ra1 70. Kf3 Ra4 71. Re4 Ra3+ 72.
Re3 Ra1 73. Re4 Kf7 74. Ke3 Ra7 75. Kf3 Rd7 76. Re3 Rd6 77. Ke2 Rd5 78. Kf3 Rd4 79.
Re4 Rd3+ 80. Re3 Rd2 81. Re2 Rd1 82. Re3 Rf1+ 83. Kg2 Rb1 84. Kf3 Rb4 85. Re4 Rb3+ 86.
Re3 Rb2 87. Re2 Rxe2 88. Kxe2 Ke6 89. Kd3 Kd5 90. Ke3 Ke5 91. Kd3 f5 92. gxf5 Kxf5 93. Ke3 Kg4 94. Kf2 Kh3 95. g4 Kxg4 96. Kg2 Kf4 97.
Kf2 Kg4 98. Kg2 Kh4 99. Kh2 g4 100. Kg2 g3 101. Kg1 Kh3 102. Kh1 Kg4 103. Kg2 Kf4 104. Kg1 Kf3 105. Kf1 Ke3 106. Kg2 Kf4 107. Kg1 Kf3 108. Kf1 Kg4 109. Kg2 Kf4 1/2-1/2

[Event "Late-Titled-Tuesday-Blitz-January-23-2024"]
[Site "Chess.com"]
[Date "2024.01.23"]
[Round "10"]
[White "Teidi96"]
[Black "maximnovik"]
[Result "0-1"]
[WhiteElo "2429"]
[BlackElo "2585"]
[TimeControl "180+1"]
[EndTime "15:54:58 PST"]
[Termination "maximnovik won by resignation"]

1. e4 c6 2. d4 d5 3. exd5 cxd5 4. c4 Nf6 5. Nc3 g6 6. cxd5 Nxd5 7. Bc4 Nxc3 8. bxc3 Bg7 9. Ne2 O-O 10. O-O Nc6 11. Bf4 b6 12. Rc1 Bb7 13. Qd2 Rc8 14. Bb3 Na5 15. Rfd1 Nxb3 16. axb3 Qd5 17. f3 Qxb3 18. Ra1 Ra8 19. Rdb1 Qd5 20. Qd3 Rfc8 21. Rb5 Qd7 22. c4 Bc6 23. Rb3 e6 24. Be3 Rd8 25.
Rba3 b5 26. cxb5 Bxb5 27. Qd2 Bxe2 28. Qxe2 Bxd4 29. Bxd4 Qxd4+ 30. Qf2 Qxf2+ 31. Kxf2 Rd2+ 32. Kg3 Rd7 33. Kf4 Kg7 34. h4 h5 35. Ra6 Kf6 36. R1a4 Kg7 37. Ke5 Rd5+ 38. Ke4 Rd2 39. g3 Re2+ 40. Kd3 Rg2 41. g4 hxg4 42. fxg4 Rh8 43. Rxa7 Rxh4 44. Rf4 Rg3+ 45. Ke4 Rgxg4 46. Rxf7+ Kh6 47.
Rxg4 Rxg4+ 48. Ke5 Kg5 49. Kxe6 Re4+ 50. Kd5 Re1 51.
Rf2 Kh6 52. Rh2+ Kg7 53. Rg2 Kf6 54. Rf2+ Kg5 55. Rg2+ Kf5 56. Rf2+ Kg5 57. Rg2+ Kf6 58. Rf2+ Kg7 59. Rg2 Re3 60. Kd4 Re7 61. Rg1 Re2 62.
Kd3 Re5 63. Kd4 Kf6 64. Rf1+ Rf5 65. Ra1 Kg5 66. Ke3 Kh6 67. Rh1+ Rh5 68. Ra1 Rf5 69. Rh1+ Kg7 70. Ra1 Kf6 71. Rg1 g5 72. Rh1 Rf4 73. Rh6+ Kf5 74. Rh8 Kg4 75. Rh1 Rf3+ 76. Ke2 Kf4 77.
Rg1 g4 78. Ra1 Kg3 79. Rg1+ Kh3 80. Rh1+ Kg2 81. Rh4 g3 82. Rg4 Rf7 83. Rg8 Re7+ 84.
Kd2 Kf2 85. Rf8+ Kg1 86. Rg8 g2 87. Rg6 Re5 88. Rg7 Kh2 89. Rh7+ Kg3 90. Rg7+ Kh3 91. Rh7+ Kg4 92. Rg7+ Rg5 93. Rxg5+ 0-1

[Event "Late-Titled-Tuesday-Blitz-January-23-2024"]
[Site "Chess.com"]
[Date "2024.01.23"]
[Round "10"]
[White "vugarrasulov"]
[Black "dropstoneDP"]
[Result "0-1"]
[WhiteElo "2938"]
[BlackElo "3053"]
[TimeControl "180+1"]
[EndTime "15:55:08 PST"]
[Termination "dropstoneDP won on time"]

1. d4 d5 2. Nf3 Nf6 3. Bf4 c5 4. e3 Nc6 5. Nbd2 Nh5 6. dxc5 Nxf4 7. exf4 Qa5 8. Bd3 Qxc5 9. O-O g6 10. c4 dxc4 11.
Nxc4 Bg7 12. Rc1 O-O 13. Nce5 Qa5 14. Bc4 Nxe5 15. fxe5 Bg4 16. h3 Bxf3 17. Qxf3 e6 18. Rfe1 Rac8 19. b3 b5 20. Bf1 Rxc1 21. Rxc1 a6 22.
Qe2 Rd8 23. Rc2 Qb6 24. Qe4 h5 25. a4 bxa4 26. bxa4 a5 27. Rc4 Kh7 28. g4 hxg4 29.
hxg4 Kg8 30. Bd3 Qb3 31. Be2 Qb2 32. Rc5 Bf8 33. Rb5 Qc3 34. Qf3 Qxf3 35. Bxf3 Bb4 36. Bc6 Rd4 37. f3 Bc3 38. Kf2 Kg7 39. Rc5 Bb4 40.
Rb5 Rc4 41. Be8 Kf8 42. Rb8 Rc2+ 43. Ke3 Rc3+ 44. Ke4 Ra3 45. Bb5+ Kg7 46. Rb7 Bc5 47. Be8 Re3+ 48. Kf4 g5+ 49. Kxg5 Rxf3 50. Kh4 Bf2+ 51. Kg5 Be3+ 52. Kh4 Bd4 53. Rb5 Re3 54. Rxa5 Bxe5 55. g5 Re4+ 56. Kh3 Re3+ 57. Kg4 Kf8 58. Bc6 Bc7 59. Ra7 Bd6 60. a5 Rg3+ 61. Kh4 Rc3 62. Bb5 Rc5 63. Bd7 Be7 64. a6 Rxg5 65. Kh3 Ra5 66. Ra8+ Kg7 67. Be8 Bc5 68. Rc8 Ra3+ 69. Kg2 Bd6 70. Rc6 Bf4 71. Rb6 Kf8 72. Bb5 Be3 73.
Rb7 Bc5 74. Kf1 f5 75. Bc4 f4 76. Ke2 e5 77. Rf7+ Ke8 78. Rc7 Bd4 79. Bb5+ Kd8 80. Rd7+ Kc8 81. Rf7 Kb8 82. Rf8+ Ka7 83. Rf7+ Kb6 84.
Rb7+ Ka5 85. a7 Re3+ 86. Kd1 Bxa7 87. Be2 Bd4 88. Rb5+ Ka4 89. Rb8 f3 90. Bc4 f2 91.
Kd2 Re1 92. Rf8 Kb4 93. Ba6 e4 94. Rb8+ Ka5 95. Bc4 e3+ 96. Kc2 e2 97. Kb3 Rb1+ 98. Kc2 Rxb8 0-1

[Event "Late-Titled-Tuesday-Blitz-January-23-2024"]
[Site "Chess.com"]
[Date "2024.01.23"]
[Round "11"]
[White "Sjakkerntobi"]
[Black "reevecanada"]
[Result "1-0"]
[WhiteElo "2525"]
[BlackElo "2627"]
[TimeControl "180+1"]
[EndTime "15:57:09 PST"]
[Termination "Sjakkerntobi won by resignation"]

1. e4 c5 2. Nf3 d6 3. Nc3 c4 4.
Bxc4 Nf6 5. O-O Nbd7 6. d4 Qc7 7. Qe2 a6 8. e5 Ng8 9. Nd5 Qb8 10. exd6 e6 11.
Nc7+ Kd8 12. Bf4 b5 13. Bxe6 fxe6 14. Nxe6+ Ke8 15. Nc7+ 1-0

[Event "Late-Titled-Tuesday-Blitz-January-23-2024"]
[Site "Chess.com"]
[Date "2024.01.23"]
[Round "11"]
[White "Jarrahi2452"]
[Black "emeli_chess"]
[Result "1-0"]
[WhiteElo "2667"]
[BlackElo "2492"]
[TimeControl "180+1"]
[EndTime "15:57:15 PST"]
[Termination "Jarrahi2452 won by resignation"]

1. d4 Nf6 2. Bf4 d5 3. e3 e6 4.
Nf3 Bd6 5. Bg3 O-O 6. c3 c5 7.
Nbd2 Qc7 8. Bd3 Nbd7 9. Qe2 e5 10. dxe5 Nxe5 11. Nxe5 Bxe5 12. Bxe5 Qxe5 13. O-O Bf5 14.
Nf3 Bxd3 15. Qxd3 Qf5 16. Qxf5 1-0

[Event "Late-Titled-Tuesday-Blitz-January-23-2024"]
[Site "Chess.com"]
[Date "2024.01.23"]
[Round "11"]
[White "GHANDEEVAM2003"]
[Black "K_A_S_T_O_R"]
[Result "1-0"]
[WhiteElo "3074"]
[BlackElo "2901"]
[TimeControl "180+1"]
[EndTime "15:57:54 PST"]
[Termination "GHANDEEVAM2003 won by resignation"]

1. Nf3 c5 2. b3 d5 3. e3 a6 4.
c4 d4 5. exd4 cxd4 6. g3 Nc6 7.
Ba3 e5 8. Bxf8 Kxf8 9. d3 Bf5 10. Nh4 Qa5+ 11. Nd2 Be6 12. Bg2 Qc3 13. O-O Qxd3 14. f4 Nf6 15. Rf3 1-0

[Event "Late-Titled-Tuesday-Blitz-January-23-2024"]
[Site "Chess.com"]
[Date "2024.01.23"]
[Round "11"]
[White "ValeriyGrinev"]
[Black "BeanScreen"]
[Result "0-1"]
[WhiteElo "2545"]
[BlackElo "2733"]
[TimeControl "180+1"]
[EndTime "15:58:08 PST"]
[Termination "BeanScreen won by resignation"]

1. e4 e5 2. Nf3 Nc6 3. Bb5 f5 4.
d3 fxe4 5. dxe4 Nf6 6. O-O Bc5 7. Bg5 d6 8. Nc3 O-O 9. h3 h6 10. Bc4+ Kh8 11. Bh4 g5 12. Bg3 Nh5 13. Nd4 Nxg3 14. Nxc6 bxc6 15. Na4 Nxf1 16. Nxc5 dxc5 17. Qh5 Qf6 18.
Rxf1 Be6 19. Be2 Kg7 20. g3 Qf7 21. h4 Qxh5 22. Bxh5 g4 23. f3 Rad8 24. fxg4 Rxf1+ 25. Kxf1 Rd2 26. b3 Rxc2 27. g5 hxg5 28. hxg5 Rxa2 29. Be8 Bxb3 30. Bxc6 c4 31. Bd5 c6 32. Bxc4 Bxc4+ 0-1

[Event "Late-Titled-Tuesday-Blitz-January-23-2024"]
[Site "Chess.com"]
[Date "2024.01.23"]
[Round "11"]
[White "cthulhuuu"]
[Black "egnfanclub"]
[Result "1-0"]
[WhiteElo "2474"]
[BlackElo "2374"]
[TimeControl "180+1"]
[EndTime "15:58:50 PST"]
[Termination "cthulhuuu won by resignation"]

1. e4 e5 2. Nf3 Nc6 3. Bb5 a6 4. Bxc6 dxc6 5. O-O Bg4 6. h3 h5 7. d3 Qf6 8. Nbd2 Bd6 9. Re1 Ne7 10. d4 Ng6 11.
hxg4 hxg4 12. Nh2 Rxh2 13. Qxg4 Rh4 14. Qg3 O-O-O 15. Nf3 Rh5 16. Qg4+ Kb8 17. Qxh5 exd4 18. Bg5 1-0

[Event "Late-Titled-Tuesday-Blitz-January-23-2024"]
[Site "Chess.com"]
[Date "2024.01.23"]
[Round "11"]
[White "ClayK1ng"]
[Black "Roedor"]
[Result "0-1"]
[WhiteElo "2250"]
[BlackElo "2334"]
[TimeControl "180+1"]
[EndTime "15:59:39 PST"]
[Termination "Roedor won by resignation"]

1. e4 e5 2. Nf3 Nc6 3. Bb5 Nf6 4.
O-O Nxe4 5. Re1 Nd6 6. Nxe5 Be7 7. Bf1 Nxe5 8. Rxe5 O-O 9. d4 Bf6 10. Re1 Re8 11. Rxe8+ Qxe8 12. Nc3 Nf5 13. Nd5 Bd8 14.
Qh5 d6 15. c3 c6 16. Ne3 Nxe3 17. Bxe3 Be6 18. Bd3 h6 19. Bf4 Qd7 20. Qf3 d5 21. Qg3 Kf8 22. Re1 Be7 23. Bc2 Bf5 24. Bd3 Re8 25.
Be5 f6 26. Bf4 g5 27. Bc1 Kg7 28. h4 Bd6 0-1

[Event "Late-Titled-Tuesday-Blitz-January-23-2024"]
[Site "Chess.com"]
[Date "2024.01.23"]
[Round "11"]
[White "McCarthyStone"]
[Black "katharinareinecke"]
[Result "1-0"]
[WhiteElo "2340"]
[BlackElo "1977"]
[TimeControl "180+1"]
[EndTime "15:59:58 PST"]
[Termination "McCarthyStone won by checkmate"]

1. c4 c6 2. Nf3 d5 3. e3 Nf6 4.
b3 e6 5. Bb2 Be7 6. Nc3 O-O 7.
Qc2 b6 8. g4 Bb7 9. g5 Ne8 10.
Bd3 g6 11. h4 c5 12. h5 dxc4 13. Be2 Bxg5 14. hxg6 fxg6 15. Ne4 cxb3 16. axb3 Bf6 17. Nxf6+ Nxf6 18. O-O-O Nc6 19. Rdg1 Kg7 20. Rxh7+ Kxh7 21. Qxg6+ Kh8 22. Qh5# 1-0

[Event "Late-Titled-Tuesday-Blitz-January-23-2024"]
[Site "Chess.com"]
[Date "2024.01.23"]
[Round "11"]
[White "ferdipy"]
[Black "bazar-wokzal"]
[Result "0-1"]
[WhiteElo "2350"]
[BlackElo "2604"]
[TimeControl "180+1"]
[EndTime "16:00:15 PST"]
[Termination "bazar-wokzal won by resignation"]

1. e4 c5 2. d4 cxd4 3. c3 Nf6 4.
e5 Nd5 5. Nf3 d6 6. cxd4 Nc6 7.
Bc4 dxe5 8. dxe5 Ndb4 9. Qb3 e6 10. O-O Na5 11. Bb5+ Bd7 12. Qa4 Bxb5 13. Qxb5+ Nac6 14. Nc3 a6 15. Qe2 Qd3 16. Bf4 Be7 17. a3 Qxe2 18.
Nxe2 Nd3 19. Rfd1 O-O-O 20. b4 Rd5 21. Rd2 Rhd8 22. Rad1 Nxf4 23. Nxf4 Rxd2 24. Rxd2 Rxd2 25. Nxd2 Nxe5 26. Nb3 Nc4 27. Nh5 g6 0-1

[Event "Late-Titled-Tuesday-Blitz-January-23-2024"]
[Site "Chess.com"]
[Date "2024.01.23"]
[Round "11"]
[White "Cluke86"]
[Black "PawnEatingZombie"]
[Result "1-0"]
[WhiteElo "2266"]
[BlackElo "2112"]
[TimeControl "180+1"]
[EndTime "16:00:18 PST"]
[Termination "Cluke86 won by resignation"]

1. e4 e6 2. d4 d5 3. Nc3 Nf6 4. e5 Nfd7 5. Qg4 c5 6. Nb5 cxd4 7.
Nf3 Nc6 8. Bf4 h5 9. Qg3 h4 10. Qg4 g6 11. O-O-O a6 12. Nbxd4 Nxd4 13. Nxd4 Bg7 14.
Nxe6 fxe6 15. Qxe6+ Kf8 16. Rxd5 Qe8 17. Qd6+ Qe7 18.
Qxg6 Qe8 19. Qg5 Nb6 20. Rd6 Bd7 21. Rxb6 1-0

[Event "Late-Titled-Tuesday-Blitz-January-23-2024"]
[Site "Chess.com"]
[Date "2024.01.23"]
[Round "11"]
[White "Harry_Rakkel"]
[Black "jcibarra"]
[Result "0-1"]
[WhiteElo "2714"]
[BlackElo "2854"]
[TimeControl "180+1"]
[EndTime "16:00:23 PST"]
[Termination "jcibarra won by resignation"]

1. e4 c5 2. Nf3 e6 3. d4 cxd4 4.
Nxd4 Bc5 5. Nb3 Bb6 6. c4 Ne7 7. Nc3 O-O 8. c5 Bc7 9. Nb5 Nbc6 10.
Be2 Bb8 11. O-O f5 12. Nd6 f4 13. Bd2 Ng6 14. Bc3 b6 15. Rc1 Nce5 16. f3 bxc5 17. Ba5 Qe7 18. Nxc8 Rxc8 19. Ba6 Bd6 20. Bxc8 Rxc8 21.
Qe2 c4 22. Nd4 Bc5 23. Kh1 Bxd4 24. Rfd1 Be3 25. Rc2 h6 26. b3 Qc5 27. Be1 d5 28. exd5 exd5 29. bxc4 d4 30. Rb1 d3 0-1

[Event "Late-Titled-Tuesday-Blitz-January-23-2024"]
[Site "Chess.com"]
[Date "2024.01.23"]
[Round "11"]
[White "Jem"]
[Black "Walter_White_Poland"]
[Result "1-0"]
[WhiteElo "2179"]
[BlackElo "2302"]
[TimeControl "180+1"]
[EndTime "16:00:30 PST"]
[Termination "Jem won on time"]

1. e4 e5 2. Nf3 Nc6 3. Bb5 a6 4.
Ba4 Nf6 5. O-O Be7 6. d4 exd4 7. Re1 b5 8. Bb3 d6 9. Bd5 Nxd5 10. exd5 Ne5 11. Nxd4 O-O 12. f4 Bg4 13. Qd2 Nc4 14. Qf2 Bh4 15. g3 Bf6 16. Nc3 c5 17. Nc6 Qb6 18.
Ne4 Bxb2 19. Bxb2 Nxb2 20. f5 Nc4 21. Qf4 h5 22. f6 Ne5 23. fxg7 1-0

[Event "Late-Titled-Tuesday-Blitz-January-23-2024"]
[Site "Chess.com"]
[Date "2024.01.23"]
[Round "11"]
[White "j_coca"]
[Black "diamonds13"]
[Result "0-1"]
[WhiteElo "2511"]
[BlackElo "2401"]
[TimeControl "180+1"]
[EndTime "16:00:31 PST"]
[Termination "diamonds13 won by resignation"]

1. f4 d5 2. Nf3 c5 3. e3 Nc6 4. d4 g6 5. c3 Bg7 6. Bd3 h5 7. O-O Nh6 8. Nbd2 Bf5 9. Qe2 Bxd3 10. Qxd3 c4 11. Qe2 f5 12. Ne5 Bxe5 13. fxe5 e6 14. b3 b5 15. bxc4 bxc4 16. Ba3 Qa5 17. Bd6 Nf7 18. Nxc4 Qa6 19. Bc5 Qxc4 20. Qxc4 dxc4 21.
e4 Kd7 22. exf5 gxf5 23. Rae1 Ne7 24. Rb1 Rhb8 25. Rxb8 Rxb8 26. Bxa7 Ra8 27. Bc5 Rxa2 28. Rb1 Nd8 29. Rb6 Nd5 30. Rd6+ Kc8 31. Bb6 Nxb6 32. Rxb6 Rc2 33. d5 exd5 34. e6 Nxe6 35. Rxe6 Rxc3 36.
Re5 Rd3 37. Kf2 c3 38. Ke2 Rd2+ 39. Ke1 Rxg2 40. Rxd5 c2 41. Rc5+ Kd7 42. Kf1 Rxh2 43. Kg1 Rd2 44. Kf1 Rd1+ 45. Ke2 c1=Q 0-1

[Event "Late-Titled-Tuesday-Blitz-January-23-2024"]
[Site "Chess.com"]
[Date "2024.01.23"]
[Round "11"]
[White "annasargsyan_m"]
[Black "Piotrek1979"]
[Result "1-0"]
[WhiteElo "2539"]
[BlackElo "2403"]
[TimeControl "180+1"]
[EndTime "16:00:33 PST"]
[Termination "annasargsyan_m won on time"]

1. d4 Nf6 2. c4 e6 3. Nf3 d5 4. Nc3 c6 5. Bg5 Nbd7 6. e3 Qa5 7.
Qc2 Ne4 8. cxd5 exd5 9. Bf4 Bb4 10. Rc1 O-O 11. Bd3 Re8 12. O-O Ndf6 13. Ne5 g6 14.
Ne2 Bf8 15. a3 Nd6 16. b4 Qd8 17. a4 a6 18. Rb1 Nh5 19. b5 axb5 20.
axb5 cxb5 21. Bxb5 Bf5 22. Bd3 Rc8 23. Qb3 Bxd3 24.
Qxd3 f6 25. Nxg6 hxg6 26. Qxg6+ Ng7 27. Bxd6 Bxd6 28. Rxb7 Rc7 29. Rfb1 Rxb7 30. Rxb7 Re7 31. Qxf6 Qa5 32. Rb1 Re6 33. Qg5 Qd2 34. Ng3 Be7 35.
Qxd5 1-0

[Event "Late-Titled-Tuesday-Blitz-January-23-2024"]
[Site "Chess.com"]
[Date "2024.01.23"]
[Round "11"]
[White "GM_dmitrij"]
[Black "BardArtem"]
[Result "1-0"]
[WhiteElo "2999"]
[BlackElo "2798"]
[TimeControl "180+1"]
[EndTime "16:00:39 PST"]
[Termination "GM_dmitrij won by checkmate"]

1. e4 c5 2. Nf3 d6 3. d4 cxd4 4. Nxd4 Nf6 5. Nc3 g6 6. Be3 Nc6 7. f3 h5 8. Qd2 Nxd4 9. Bxd4 Bh6 10. Bb5+ Kf8 11. Qf2 Kg7 12. O-O a6 13. Bb6 Qf8 14.
Bc4 Be6 15. Bb3 Rc8 16. Rad1 Bxb3 17. axb3 Qe8 18. Bd4 e5 19. Be3 Bxe3 20. Qxe3 Qe6 21. Rf2 Rc6 22. Nd5 Rhc8 23. c3 Rc5 24. Nxf6 Qxf6 25.
Rfd2 R5c6 26. Rd5 Qe6 27. b4 b5 28. Qd2 Rd8 29. h4 Qf6 30. Qg5 Qxg5 31. hxg5 f6 32. Kf2 Kf7 33. g3 Ke6 34. gxf6 Kxf6 35. f4 exf4 36. gxf4 Rd7 37. Ke3 Rd8 38. Rg1 Rc4 39.
Rdg5 Rg8 40. f5 d5 41. Rxg6+ Rxg6 42. Rxg6+ Ke5 43. Re6# 1-0

[Event "Late-Titled-Tuesday-Blitz-January-23-2024"]
[Site "Chess.com"]
[Date "2024.01.23"]
[Round "11"]
[White "Manukyan_Artak"]
[Black "TheAlienParty"]
[Result "1-0"]
[WhiteElo "2526"]
[BlackElo "2378"]
[TimeControl "180+1"]
[EndTime "16:00:41 PST"]
[Termination "Manukyan_Artak won by resignation"]

1. e4 e5 2. Nf3 Nc6 3. d4 exd4 4. Nxd4 Bc5 5. Nxc6 Qf6 6. Qd2 dxc6 7. Qf4 Qxf4 8.
Bxf4 Bd6 9. e5 Bb4+ 10. c3 Be7 11. Bc4 g5 12. Be3 Nh6 13. Nd2 Nf5 14. Ne4 Nxe3 15.
fxe3 Be6 16. Bxe6 fxe6 17. Rd1 Rd8 18. Rxd8+ Kxd8 19. Rf1 h6 20. g4 Rf8 21. Rxf8+ Bxf8 22. b4 Bg7 23. Nc5 Ke7 24. Nd3 b6 25. Ke2 Kf7 26. Kf3 Kg6 27. Ke4 h5 28. h3 h4 29. Ne1 Kf7 30. Nf3 Bh6 31. Nd4 Ke7 32. Nxc6+ Kd7 33. Nxa7 c6 34. a4 Kc7 35. b5 c5 36. Nc6 Bf8 37. Kd3 Kd7 38. Kc4 Kc7 39. a5 bxa5 40. Nxa5 Kb6 41. Nb3 Be7 42. Nd2 Bd8 43. Ne4 Be7 44. Nd6 Bd8 45. e4 Bc7 46. Nf7 Bb8 47. Nxg5 Bxe5 48. Nxe6 Bd6 49. Kd5 Be7 50.
c4 Bf6 51. e5 1-0

[Event "Late-Titled-Tuesday-Blitz-January-23-2024"]
[Site "Chess.com"]
[Date "2024.01.23"]
[Round "11"]
[White "miraitrunks"]
[Black "Teidi96"]
[Result "0-1"]
[WhiteElo "2126"]
[BlackElo "2431"]
[TimeControl "180+1"]
[EndTime "16:00:42 PST"]
[Termination "Teidi96 won by resignation"]

1. e4 Nf6 2. e5 Nd5 3. c4 Nb6 4. c5 Nd5 5. d4 d6 6. cxd6 cxd6 7.
Nf3 Nc6 8. exd6 Qxd6 9. Nc3 Nxc3 10. bxc3 e5 11. dxe5 Nxe5 12. Bf4 Qxd1+ 13. Rxd1 Nxf3+ 14. gxf3 Bd7 15. Bc4 Rc8 16. Bxf7+ Ke7 17. Bd5 Rxc3 18. Bxb7 Bb5 19. Bd6+ Kf6 20. Bf4 Bb4 21. Bd2 Re8+ 22.
Be4 Rxf3 23. Bxb4 Rxe4+ 24. Kd2 Rd3+ 25. Kc2 Rc4+ 26. Kb2 Rxb4+ 27. Kc2 Rxd1 28. Rxd1 Ba4+ 0-1

[Event "Late-Titled-Tuesday-Blitz-January-23-2024"]
[Site "Chess.com"]
[Date "2024.01.23"]
[Round "11"]
[White "KacperPolOK"]
[Black "ItalianMachine"]
[Result "1-0"]
[WhiteElo "2485"]
[BlackElo "2360"]
[TimeControl "180+1"]
[EndTime "16:00:50 PST"]
[Termination "KacperPolOK won on time"]

1. e4 e5 2. Nf3 Nc6 3. Bc4 Nf6 4. O-O Nxe4 5. Nc3 Nxc3 6. dxc3 Be7 7. Qd5 O-O 8. Nxe5 Nxe5 9. Qxe5 d6 10. Qg3 d5 11.
Bd3 Be6 12. Bf4 c6 13. Rfe1 Bf6 14. Re2 Qb6 15. b3 a5 16. Rae1 a4 17. Bc7 Qa7 18. b4 a3 19. Be5 Bxe5 20. Rxe5 c5 21. Rh5 g6 22. Bxg6 fxg6 23. Rxe6 Rf7 24. Rxh7 Rxh7 25.
Rxg6+ Kf7 26. Qd6 Qa6 27. Rf6+ Kg7 28. Qe7+ Kh8 29. Rxa6 bxa6 30. Qe5+ 1-0

[Event "Late-Titled-Tuesday-Blitz-January-23-2024"]
[Site "Chess.com"]
[Date "2024.01.23"]
[Round "11"]
[White "jk13"]
[Black "Jumbo"]
[Result "1-0"]
[WhiteElo "2695"]
[BlackElo "2939"]
[TimeControl "180+1"]
[EndTime "16:00:54 PST"]
[Termination "jk13 won by resignation"]

1. e4 c5 2. c3 Nf6 3. e5 Nd5 4. Bc4 Nb6 5. Bb3 Nc6 6. Nf3 d5 7. exd6 Qxd6 8. O-O c4 9. Bc2 Bg4 10. Qe2 e6 11. Na3 Qd5 12. Be4 Qc5 13. h3 Bh5 14. b3 cxb3 15. axb3 a6 16. Nc4 Nxc4 17. bxc4 Qd6 18. d4 Be7 19. Ba3 Qc7 20. Bxe7 Nxe7 21.
Rfb1 Rb8 22. c5 O-O 23. Rb3 Nd5 24. Bxd5 exd5 25. Qe5 Qxe5 26. Nxe5 Rfd8 27. Rab1 f6 28.
Nc6 1-0

[Event "Late-Titled-Tuesday-Blitz-January-23-2024"]
[Site "Chess.com"]
[Date "2024.01.23"]
[Round "11"]
[White "DraningWaterHi"]
[Black "Crazy_girl99"]
[Result "0-1"]
[WhiteElo "2221"]
[BlackElo "2584"]
[TimeControl "180+1"]
[EndTime "16:01:02 PST"]
[Termination "Crazy_girl99 won by checkmate"]

1. d4 d5 2. Bf4 Nf6 3. e3 c6 4. c4 e6 5. Nc3 Bd6 6. Bg3 O-O 7. Nf3 b6 8. Ne5 Bb7 9. f4 Nbd7 10. Bh4 Be7 11.
Bd3 Nxe5 12. fxe5 Ne8 13. Bxe7 Qxe7 14. cxd5 exd5 15. O-O c5 16. Qh5 g6 17. Qh6 Ng7 18. Rf6 Nh5 19. Raf1 Rae8 20. g4 Nxf6 21. Rxf6 Qd7 22.
Qg5 Re6 23. h3 Rfe8 24. Bb5 Bc6 25. Bxc6 Qxc6 26. Rf4 cxd4 27. exd4 b5 28. a3 a5 29. Ne2 Qc2 30. Kf2 f6 31. Qh4 fxe5 32.
dxe5 Rxe5 33. Qf6 Qxe2+ 34. Kg3 Qe1+ 35. Rf2 R5e7 36. Kh4 Qe5 37. Qf3 d4 38. Qb3+ Kg7 39.
Qd3 Qe3 40. Qf1 Qh6+ 41. Kg3 Qe3+ 42. Kh4 d3 43. Rf3 g5+ 44. Kh5 Qe6 45. Kxg5 Qh6+ 46. Kf5 Rf8# 0-1

[Event "Late-Titled-Tuesday-Blitz-January-23-2024"]
[Site "Chess.com"]
[Date "2024.01.23"]
[Round "11"]
[White "C_K_G"]
[Black "PapaieDudu"]
[Result "0-1"]
[WhiteElo "2145"]
[BlackElo "2390"]
[TimeControl "180+1"]
[EndTime "16:01:04 PST"]
[Termination "PapaieDudu won by resignation"]

1. e4 c5 2. Nf3 d6 3. d4 cxd4 4. Nxd4 Nf6 5. Nc3 a6 6. Be2 e6 7.
Be3 b5 8. a3 Bb7 9. f3 Nbd7 10.
O-O Be7 11. Qe1 O-O 12. Qf2 Rc8 13. g4 Nb6 14. g5 Nfd7 15. h4 d5 16. Rad1 e5 17.
Nf5 d4 18. Nxd4 exd4 19. Bxd4 Bc5 20. Rd3 Bxd4 21. Rxd4 Qc7 22. Rfd1 Nc5 23. f4 Ne6 24. Rd6 Nc4 25. Rd7 Qb8 26. f5 Nf4 27. Bf1 Nxb2 28. R1d6 Rxc3 29. Qxf4 Nc4 30. h5 Nxd6 31. Rxd6 Rd8 32.
e5 Rxd6 33. exd6 Rc4 34. Qe5 Re4 35. Qg3 Qd8 36. Bd3 Rd4 37. h6 Qxd6 38. Qxd6 Rxd6 39. hxg7 f6 0-1

[Event "Late-Titled-Tuesday-Blitz-January-23-2024"]
[Site "Chess.com"]
[Date "2024.01.23"]
[Round "11"]
[White "NtcPou"]
[Black "rionelG"]
[Result "0-1"]
[WhiteElo "2016"]
[BlackElo "2254"]
[TimeControl "180+1"]
[EndTime "16:01:08 PST"]
[Termination "rionelG won on time"]

1. e4 c5 2. Nf3 d6 3. Bb5+ Nd7 4.
O-O a6 5. Be2 Ngf6 6. Nc3 e6 7. d4 cxd4 8. Qxd4 Be7 9. Bg5 O-O 10.
Rad1 Qc7 11. Qc4 Qxc4 12. Bxc4 h6 13. Bh4 b5 14. Bb3 Re8 15. Nd2 Bb7 16. f3 Rac8 17.
a4 Bc6 18. Bf2 Nc5 19. Bxc5 dxc5 20. e5 Nd7 21. f4 c4 22. Ba2 Nc5 23. axb5 axb5 24.
Rfe1 Red8 25. Ndb1 b4 0-1

[Event "Late-Titled-Tuesday-Blitz-January-23-2024"]
[Site "Chess.com"]
[Date "2024.01.23"]
[Round "11"]
[White "ChristopherYoo"]
[Black "GoltsevDmitry2000"]
[Result "1-0"]
[WhiteElo "2987"]
[BlackElo "2823"]
[TimeControl "180+1"]
[EndTime "16:01:10 PST"]
[Termination "ChristopherYoo won on time"]

1. Nf3 d5 2. e3 c6 3. c4 Nf6 4. b3 g6 5. Bb2 Bg7 6. Be2 O-O 7. O-O Nbd7 8. Qc2 dxc4 9. bxc4 Nc5 10. d3 Bf5 11. e4 Bg4 12. Nbd2 Nh5 13. Bxg7 Kxg7 14. d4 Nf4 15. Rfe1 Nce6 16. Qc3 Nxe2+ 17. Rxe2 Nxd4 18. Nxd4 e5 19. N4f3 f6 20. h3 Be6 21.
Rb1 Qc7 22. Nb3 b6 23. Rd2 Rad8 24. Rbd1 c5 25. a4 a5 26. Rb1 Qc6 27. Rxd8 Rxd8 28.
Nbd2 Rd6 29. Qb3 Qd7 30. Nf1 Qc6 31. Qc2 Bd7 32. Ra1 Qc8 33. Ne3 Bc6 34. Nd5 Bxd5 35. cxd5 g5 36. Nd2 1-0

[Event "Late-Titled-Tuesday-Blitz-January-23-2024"]
[Site "Chess.com"]
[Date "2024.01.23"]
[Round "11"]
[White "deloewre"]
[Black "GMJustin"]
[Result "0-1"]
[WhiteElo "2009"]
[BlackElo "2303"]
[TimeControl "180+1"]
[EndTime "16:01:17 PST"]
[Termination "GMJustin won on time"]

1. c4 Nf6 2. Nc3 e6 3. e4 d5 4. e5 Ne4 5. Nxe4 dxe4 6. Qc2 Qd4 7. f3 Bc5 8. Ne2 Qf2+ 9. Kd1 exf3 10. gxf3 Qxf3 11.
d4 Qxh1 12. Ke1 Bb4+ 13. Bd2 Bxd2+ 14. Qxd2 Qxh2 15. Qg5 O-O 16. Rd1 f6 17. exf6 Rxf6 18. Kd2 Qh6 19. Qxh6 Rxh6 20. Kc1 Nc6 21. Ng3 Bd7 22. Ne4 Rd8 23. Nc5 Bc8 24. Bg2 Nxd4 25. Kb1 e5 0-1